 Dungeon Crawl Stone Soup version 0.23.2-1-ga50397a (webtiles) character file.

Game seed: 8287719154520248333

875 diana the Covered (level 7, -2/54 HPs)
             Began as a Demonspawn Gladiator on May 13, 2019.
             Was an Initiate of Makhleb.
             Slain by an ufetubus (3 damage)
             ... summoned by Eustachio
             ... on level 4 of the Dungeon.
             The game lasted 00:15:12 (4451 turns).

diana the Covered (Demonspawn Gladiator)            Turns: 4451, Time: 00:15:13

Health: -2/54      AC: 14    Str: 17      XL:     7   Next: 74%
Magic:  9/9        EV: 15    Int:  9      God:    Makhleb [......]
Gold:   197        SH:  0    Dex: 18 (19) Spells: 6/6 levels left

rFire    . . .     SeeInvis .   a - +0 long sword
rCold    . . .     Gourm    .   (no shield)
rNeg     . . .     Faith    .   n - +0 plate armour
rPois    .         Spirit   .   c - +0 helmet
rElec    .         Reflect  .   (no cloak)
rCorr    .         Harm     .   (no gloves)
MR       .....                  v - +0 pair of boots
Stlth    ..........             (no amulet)
HPRegen  0.18/turn              (no ring)
MPRegen  0.11/turn              (no ring)

@: agile
A: talons 1, repulsion field 2, powered by pain 1
a: Renounce Religion


You were on level 4 of the Dungeon.
You worshipped Makhleb.
Makhleb was noncommittal.
You were not hungry.

You visited 1 branch of the dungeon, and saw 4 of its levels.

You collected 197 gold pieces.

Inventory:

Hand Weapons
 a - a +0 long sword (weapon)
Missiles
 d - 3 throwing nets (quivered)
Armour
 c - a +0 helmet (worn)
 j - a +0 ring mail
 n - a +0 plate armour (worn)
 v - a +0 pair of boots (worn)
Jewellery
 q - a cursed -3 ring of evasion {unknown}
 u - an uncursed ring of protection from fire
Wands
 b - a wand of flame (8)
 k - a wand of paralysis (12)
Scrolls
 e - a scroll of magic mapping {unknown}
 h - 7 scrolls of identify {unknown}
 i - 3 scrolls of remove curse {unknown}
 l - a scroll of enchant armour {unknown}
 p - 2 scrolls of teleportation {unknown}
 t - a scroll of noise {unknown}
Potions
 g - a potion of haste
 r - 3 potions of degeneration {unknown}
 s - a potion of berserk rage {unknown}
Comestibles
 f - 3 rations


   Skills:
 + Level 4.1 Fighting
 + Level 4.2 Long Blades
 - Level 1.7 Throwing
 * Level 4.7 Armour
 + Level 4.2 Dodging
 + Level 3.3 Invocations


You had 6 spell levels left.
You didn't know any spells.
Your spell library was empty.

Dungeon Overview and Level Annotations

Branches:
Dungeon (4/15)
 Temple: D:4-7

Altars:
Fedhas
Gozag
Hepliaklqana
Makhleb
Yredelemnul

Annotations:
D:3 1 runed translucent door, Valentain's ghost, amateur OpSk
D:4 Eustachio


Innate Abilities, Weirdness & Mutations

You have sharp toenails.
You are surrounded by a moderate repulsion field. (EV +3)
You sometimes gain a little power by taking damage.


Message History

The ufetubus hits you.
* * * LOW HITPOINT WARNING * * *
The ufetubus closely misses you.
Eustachio casts a spell.
Eustachio blinks!
Your plate armour prevents you from hitting the bat.
The bat completely misses you.
You riposte.
You miss the bat. The ufetubus barely misses you.
The ufetubus hits you but does no damage. x2
The ufetubus barely misses you. The ufetubus hits you.
* * * LOW HITPOINT WARNING * * *
The ufetubus misses you.
The ufetubus hits you but does no damage.
The ufetubus barely misses you. The ufetubus hits you.
* * * LOW HITPOINT WARNING * * *
The ufetubus barely misses you.
You closely miss the ufetubus. The ufetubus hits you.
* * * LOW HITPOINT WARNING * * *
The ufetubus closely misses you. The ufetubus hits you.
You die...

#......##.####.####>###
#......#..# #.# #.#
########### #.# #.# #.#
#.# ♣♣ #.####.##
.♣♣♣♣♣♣ #..##...#
......♣♣♣ ##.##...#
♣♣♣♣♣...♣♣ #5##@..# ♣
♣♣._.♣ #5@5...# ♣♣♣.♣
####...# ♣♣♣ #...#
#...# #####


You could see Eustachio and 3 ufetubi.

Vanquished Creatures
  Pikel (D:3)
  A centaur (D:4)
  A big kobold (D:3)
  A howler monkey (D:3)
  2 orc priests (D:3)
  2 hounds
  An orc wizard (D:4)
  Natasha (D:3)
  3 worker ants
  5 adders
  2 oozes
  An adder skeleton (D:4)
  3 worms
  3 dart slugs
  A leopard gecko (D:1)
  10 orcs (D:3)
  3 giant cockroaches
  9 goblins
  4 hobgoblins
  9 kobolds
  6 bats
  2 frilled lizards
  3 rats
74 creatures vanquished.

Notes
Turn   | Place    | Note
-------+----------+-------------------------------------------
     0 | D:1      | diana the Demonspawn Gladiator began the quest for the Orb.
     0 | D:1      | Reached XP level 1. HP: 16/16 MP: 1/1
   382 | D:1      | Gained mutation: You are surrounded by a mild repulsion
                  | field. (EV +2) [demonic ancestry]
   382 | D:1      | Reached XP level 2. HP: 20/22 MP: 2/2
   521 | D:1      | Reached skill level 1 in Armour
   977 | D:2      | Gained mutation: You sometimes gain a little power by
                  | taking damage. [demonic ancestry]
   977 | D:2      | Reached XP level 3. HP: 28/28 MP: 3/3
  1011 | D:2      | Found a hazy altar of Hepliaklqana.
  1423 | D:3      | Gained mutation: You have sharp toenails. [demonic
                  | ancestry]
  1423 | D:3      | Reached XP level 4. HP: 33/34 MP: 4/4
  1711 | D:3      | Gained mutation: You are surrounded by a moderate repulsion
                  | field. (EV +3) [demonic ancestry]
  1711 | D:3      | Reached XP level 5. HP: 31/40 MP: 5/5
  1888 | D:3      | Found a basalt altar of Yredelemnul.
  2054 | D:3      | Found a runed translucent door.
  2056 | D:3      | Noticed Valentain's ghost (amateur OpSk)
  2102 | D:3      | Found a burning altar of Makhleb.
  2123 | D:3      | Became a worshipper of Makhleb the Destroyer
  2222 | D:4      | Noticed Natasha
  2234 | D:3      | Killed Natasha
  2364 | D:4      | Reached skill level 1 in Invocations
  2364 | D:4      | Reached XP level 6. HP: 23/47 MP: 6/6
  2652 | D:4      | Noticed a slave
  2653 | D:4      | Noticed Pikel
  2653 | D:4      | Noticed a slave
  2657 | D:4      | a slave changed into a centaur
  2738 | D:4      | Noticed a slave
  2756 | D:3      | a slave changed into a big kobold
  3290 | D:4      | Noticed a slave
  3329 | D:3      | Killed Pikel
  3329 | D:3      | Reached XP level 7. HP: 11/54 MP: 7/9
  3616 | D:4      | Noticed a golden eye
  3616 | D:4      | a freed slave changed into a golden eye
  4120 | D:4      | Found a blossoming altar of Fedhas.
  4239 | D:4      | Found an opulent altar of Gozag.
  4367 | D:4      | Noticed Eustachio
  4451 | D:4      | HP: 1/54 [ufetubus[Eustachio] (4)]
  4451 | D:4      | Slain by an ufetubus

Skill      XL: |  1  2  3  4  5  6 |
---------------+-------------------+-----
Armour         | 1 2 3 4 |  4.7
Long Blades    | 3 4 |  4.2
Dodging        | 3 4 |  4.2
Fighting       | 3 4 |  4.1
Invocations    | 1 3 |  3.3
Throwing       | |  1.7

Action                   |  1- 3 |  4- 6 |  7- 9 || total
-------------------------+-------+-------+-------++-------
Melee: Long sword        |    89 |   263 |   131 ||   483
       Kick              |       |    16 |       ||    16
Throw: Throwing net      |       |     1 |       ||     1
Evoke: Wand              |       |     3 |     5 ||     8
  Use: Potion            |       |     5 |     2 ||     7
 Stab: Invisible         |       |     3 |       ||     3
       Held in net/web   |       |     1 |       ||     1
  Eat: Chunk             |       |     8 |     2 ||    10
       Ration            |       |       |     1 ||     1
Armor: Leather armour    |    11 |       |       ||    11
       Ring mail         |     5 |       |       ||     5
       Plate armour      |    23 |   252 |   103 ||   378
Dodge: Dodged            |    53 |   203 |   112 ||   368
       Rpst.: Long sword |    15 |    61 |    25 ||   101
